 Dungeon Crawl Stone Soup version 0.30-a0-696-g2367cd04db (webtiles) character file.

Game seed: 14331014906239363545

863 demibob the Basher (level 7, -3/66 HPs)
             Began as a Troll Berserker on Jan 20, 2023.
             Was a Believer of Trog.
             Slain by a water moccasin (6 damage)
             ... on level 5 of the Dungeon.
             The game lasted 00:03:40 (2995 turns).

demibob the Basher (Troll Berserker)                Turns: 2995, Time: 00:03:40

Health: -3/66      AC:  5    Str: 26    XL:     7   Next: 72%
Magic:  0/6        EV: 10    Int:  5    God:    Trog [**....]
Gold:   208        SH:  0    Dex:  9    Spells: 6/6 levels left

rFire   . . .      SeeInvis .    a - +0 mace
rCold   . . .      Faith    .    (no shield)
rNeg    . . .      Spirit   +    b - +1 animal skin
rPois   .          Reflect  .    (helmet restricted)
rElec   .          Harm     .    (no cloak)
rCorr   .          Rampage  .    (gloves unavailable)
Will    ++...                    (boots unavailable)
Stlth   +                        d - amulet of guardian spirit
HPRegen 2.11/turn                (no ring)
MPRegen 0.10/turn                (no ring)

@: lethally poisoned (-3 -> -4), strong-willed, on berserk cooldown,
regenerating, slowed, very slow
A: large, unfitting armour, claws 3, regeneration 1, shaggy fur 1, tough skin 1
a: Renounce Religion, Berserk, Trog's Hand


You were on level 5 of the Dungeon.
You worshipped Trog.
Trog was pleased with you.
You visited 1 branch of the dungeon, and saw 5 of its levels.

You collected 208 gold pieces.


Innate Abilities, Weirdness & Mutations

You are too large for most types of armour.
You have claws for hands.
Your natural rate of healing is unusually fast.
You are covered in fur. (AC +1)
You have tough skin. (AC +1)


   Skills:
 - Level 2.4 Fighting
 + Level 13.1 Maces & Flails
 - Level 2.4 Dodging


You had 6 spell levels left.
You didn't know any spells.
Your spell library was empty.

Inventory:

Hand Weapons
 a - a +0 mace (weapon)
Armour
 b - a +1 animal skin (worn)
Jewellery
 d - an amulet of guardian spirit (around neck)
Wands
 i - a wand of paralysis (4)
Potions
 e - 3 potions of attraction
 f - a potion of curing {@q1}
 h - a potion of haste {@q3}

Dungeon Overview and Level Annotations

Branches:
Dungeon (5/15)
 Temple: D:4-7

Altars:
Ashenzari
Elyvilon
Gozag
Makhleb

........### ..
##.........##.##..
###....<.........#..
..##..>.[.............. ..
.......#...##.......... ..
.##.....##......#..: #.#
.##.##..............
#..###.##..##..#So).......
...#...##.###.##@o........
.......##.# #..So##.......
>.........####..## .......
..........†.##..# .......
................# ..##...
...............## .#. ..
..............## .#.. .
................ .#.#
§......##.##.....


You could see a water moccasin, an adder and 3 orcs.


Message History

The water moccasin bites you.
* * * LOW HITPOINT WARNING * * *
The orc barely misses you. The orc hits you with a +0 hand axe.
* * * LOW HITPOINT WARNING * * *
The orc misses you. The adder bites you but does no damage.
The water moccasin misses you.
You hit the water moccasin.
The water moccasin is almost dead.
You feel sick.
The water moccasin bites you but does no damage.
The adder barely misses you. The orc completely misses you.
The orc hits you with a +0 falchion.
* * * LOW HITPOINT WARNING * * *
The orc closely misses you.
You barely miss the water moccasin.
The water moccasin is almost dead.
You feel sick. The water moccasin barely misses you.
The adder bites you but does no damage. The orc hits you but does no damage. x2
The orc hits you with a +0 war axe.
* * * LOW HITPOINT WARNING * * *
The water moccasin bites you.
* * * LOW HITPOINT WARNING * * *
You are more poisoned.
The water moccasin poisons you! The adder bites you but does no damage.
You barely miss the water moccasin.
The water moccasin is almost dead.
* * * LOW HITPOINT WARNING * * *
You feel very sick. The orc barely misses you. The water moccasin bites you.
You die...

Skill      XL: |  1  2  3  4  5  6 |
---------------+-------------------+-----
Maces & Flails | 3 4 5 6 13 | 13.1
Fighting       | |  2.4
Dodging        | |  2.4

Action                   |  1- 3 |  4- 6 |  7- 9 || total
-------------------------+-------+-------+-------++-------
Melee: Mace              |   140 |    64 |     7 ||   211
       Punch             |     1 |     1 |       ||     2
Invok: Berserk           |       |     2 |       ||     2
       Trog's Hand       |       |       |     1 ||     1
  Use: Scroll            |       |    11 |       ||    11
       Potion            |       |     1 |       ||     1
Armor: Animal skin       |    45 |    27 |    12 ||    84
Dodge: Dodged            |    91 |    38 |    28 ||   157

Levels and vault maps discovered:
D:1:      dpeg_arrival_renting, layout_rooms, hellmonk_ecumenical_altar_run_dry
D:2:      layout_basic
D:3:      layout_loops_ring, gammafunk_temple_overflow_claw
D:4:      layout_basic, amcnicky_altar_gilded, grunt_decor_clamped,
          chequers_serial_rivers_small_b, chequers_big_river
D:5:      layout_cave_pools, uniq_eustachio

Notes
Turn   | Place    | Note
-------+----------+-------------------------------------------
     0 | D:1      | demibob the Troll Berserker began the quest for the Orb.
     0 | D:1      | Reached XP level 1. HP: 22/22 MP: 0/0
    55 | D:1      | Found a faded altar of an unknown god.
   104 | D:1      | Reached skill level 3 in Maces & Flails
   145 | D:1      | Reached XP level 2. HP: 29/29 MP: 1/1
   561 | D:2      | Reached ** piety under Trog
   692 | D:2      | Reached XP level 3. HP: 34/36 MP: 2/2
  1108 | D:2      | Reached skill level 4 in Maces & Flails
  1584 | D:3      | Found an opulent altar of Gozag.
  1584 | D:3      | Found a broken altar of Ashenzari.
  1585 | D:3      | Found a white marble altar of Elyvilon.
  1701 | D:3      | Reached XP level 4. HP: 40/44 MP: 3/3
  1973 | D:3      | Identified a potion of experience
  2186 | D:4      | Found a burning altar of Makhleb.
  2481 | D:4      | Reached skill level 5 in Maces & Flails
  2621 | D:4      | Noticed an ice beast
  2632 | D:4      | Killed an ice beast
  2633 | D:4      | Reached XP level 5. HP: 50/50 MP: 2/4
  2709 | D:4      | Reached skill level 6 in Maces & Flails
  2913 | D:5      | Entered Level 5 of the Dungeon
  2913 | D:5      | Noticed a phantom
  2925 | D:5      | Killed a phantom
  2926 | D:5      | Reached XP level 6. HP: 56/59 MP: 2/5
  2966 | D:5      | Noticed a water moccasin
  2982 | D:5      | Reached skill level 7 in Maces & Flails
  2984 | D:5      | Reached skill level 13 in Maces & Flails
  2984 | D:5      | Reached XP level 7. HP: 43/66 MP: 2/6
  2994 | D:5      | HP: 6/66 [water moccasin (4)]
  2995 | D:5      | Slain by a water moccasin

Vanquished Creatures
  An ice beast (D:4)
  A black bear (D:5)
  A phantom (D:5)
  A jelly (D:4)
  An orc priest (D:5)
  An orc wizard (D:4)
  3 adders (D:3)
  A shadow imp (D:5)
  5 orcs
  4 endoplasms
  3 giant cockroaches
  4 hobgoblins
  6 quokkas
  9 ball pythons
  6 bats
  3 frilled lizards
  7 goblins
  3 kobolds
  4 rats
64 creatures vanquished.

Vanquished Creatures (others)
  12 plants (D:4)
12 creatures vanquished.

Grand Total: 76 creatures vanquished

Table legend: (Time is in decaauts)
 A = Elapsed time spent in this place.
 B = Non-inter-level travel time spent in this place.
 C = Inter-level travel time spent in this place.
 D = Time resting spent in this place.
 E = Time spent auto-exploring this place.
 F = Levels seen in this place.
 G = Mean time per level.
                   A        B        C        D        E       F      G
               +--------+--------+--------+--------+--------+-----+--------+
         Total |   3038 |   2926 |    112 |      1 |   2392 |   5 |  607.6 |
       Dungeon |   3038 |   2926 |    112 |      1 |   2392 |   5 |  607.6 |
               +--------+--------+--------+--------+--------+-----+--------+

Top non-repeatable levels by time:
     D:4: 922 daAuts
     D:2: 852 daAuts
     D:3: 662 daAuts
     D:1: 519 daAuts
     D:5: 82 daAuts

Table legend:
 A = Non-vault XP
 B = Vault XP
 C = Vault XP percentage of total XP
 D = Non-vault monster count
 E = Vault monster count
 F = Vault count percentage of total count
                 A         B        C        D         E       F
            +---------+---------+-------+---------+---------+-------
      Total |     635 |       0 |   0.0 |      64 |       0 |   0.0
            +---------+---------+-------+---------+---------+-------
        D:1 |      27 |       0 |   0.0 |      17 |       0 |   0.0
        D:2 |      31 |       0 |   0.0 |      18 |       0 |   0.0
        D:3 |      53 |       0 |   0.0 |      12 |       0 |   0.0
        D:4 |     230 |       0 |   0.0 |      11 |       0 |   0.0
        D:5 |     294 |       0 |   0.0 |       6 |       0 |   0.0
            +---------+---------+-------+---------+---------+-------
